AoeStats
← stinkepete2000

Black Forest

508936155Analyzed
2v2 RM · 7d ago on Sep 24, 2026· 47m 33s· 4 players
Game mode
Random Map
Map size
Medium (4 player)
Population
200
Speed
Normal
Resources
Standard
Victory
Conquest
Starting age
Dark Age
Ending age
Imperial Age
RankedLock teamsTeams togetherTeam positionsShared explorationLock speedFull tech treeHidden civsTurbo modeCheats
Victory
Defeat
🇸🇪 Koreans · Sweden
1296
+15
🇬🇧 Saxons · United Kingdom
1250
+17
🇩🇪 Teutons · Germany
1283
-16
🇩🇪 Poles · Germany
1282
-16
Puschel der Waschbär
0:41 Loom
13:15 Feudal Age
17:04 Castle Age
15:13 Double-Bit Axe
18:35 Bow Saw
22:18 Fortified Wall
22:35 Stone Mining
23:24 Masonry
24:39 Wheelbarrow
30:27 Imperial Age
29:15 Hand Cart
28:45 Town Watch
29:39 Fletching
30:00 Forging
32:29 Chemistry
32:44 Iron Casting
34:44 Blast Furnace
33:12 Man-at-Arms
34:40 Scale Mail Armor
34:56 Bodkin Arrow
36:45 Padded Archer Armor
36:50 Heavy Scorpion
40:43 Chain Mail Armor
stinkepete2000
2:54 Loom
11:51 Feudal Age
15:25 Castle Age
13:20 Horse Collar
13:40 Double-Bit Axe
16:35 Heavy Plow
16:52 Bow Saw
18:43 Wheelbarrow
21:54 Hand Cart
21:55 Town Watch
22:23 Stone Mining
22:23 Gold Mining
25:23 Scale Barding Armor
25:55 Forging
29:57 Imperial Age
27:40 Gold Mining
28:03 Bloodlines
27:54 Husbandry
28:33 Light Cavalry
30:10 Chain Barding Armor
30:27 Iron Casting
30:11 Onager
30:50 Fletching
32:08 Crop Rotation
32:15 Ballistics
32:56 Chemistry
32:18 Ballistics
33:15 Lechitic Legacy
33:16 Conscription
36:05 Blast Furnace
35:43 Winged Hussar
41:53 Bodkin Arrow
41:58 Padded Archer Armor
42:16 Heavy Mounted Crossbowman
43:04 Bracer
44:09 Leather Archer Armor
44:17 Thumb Ring
45:16 Crossbowman
47:39 Stone Shaft Mining
DaniwA
1:47 Loom
10:53 Feudal Age
15:00 Castle Age
12:50 Double-Bit Axe
14:36 Gold Mining
15:06 Crossbowman
15:39 Fletching
18:16 Horse Collar
26:04 Wheelbarrow
29:23 Imperial Age
28:15 Gold Shaft Mining
28:08 Bodkin Arrow
29:00 Heavy Plow
29:15 Bow Saw
29:30 Heavy Rocket Cart
33:35 Chemistry
32:55 Ballistics
33:07 Pikeman
33:48 Scale Mail Armor
34:38 Arbalester
36:40 Chain Mail Armor
36:36 Forging
36:50 Bracer
37:00 Halberdier
38:30 Squires
40:00 Conscription
41:23 Iron Casting
43:10 Plate Mail Armor
46:24 Siege Engineers
46:20 Elite Skirmisher
47:16 Thumb Ring
47:36 Scale Barding Armor
47:29 Elite Fire Lancer
Geoff
1:04 Loom
12:10 Feudal Age
16:11 Castle Age
14:52 Double-Bit Axe
14:56 Horse Collar
16:04 Stone Mining
17:15 Fletching
17:39 Heavy Plow
21:59 Scale Mail Armor
30:33 Imperial Age
29:11 Bodkin Arrow
30:08 Forging
30:56 Chain Mail Armor
31:25 Iron Casting
32:18 Plate Mail Armor
33:04 Elite Hearth Troop
35:12 Squires
34:58 Gambesons
34:59 Arson
36:00 Conscription
36:11 Bracer
42:40 Cavalier
43:31 Bloodlines
43:29 Scale Barding Armor
44:43 Light Cavalry
Connection lost

Rejoining the realm…

Still unreachable

The connection could not be restored.

Session expired

The server has moved on; the page needs a fresh start.